 Dungeon Crawl Stone Soup version 0.17-a0-1202-g2dd280d (webtiles) character file.

822 Quirk the Covered (level 7, -14/62 HPs)
             Began as a Minotaur Fighter on June 3, 2015.
             Demolished by an orc warrior
             ... wielding a cursed -3 scimitar
              (18 damage)
             ... on level 6 of the Dungeon.
             The game lasted 00:07:27 (3002 turns).

Quirk the Covered (Minotaur Fighter)                Turns: 3002, Time: 00:07:27

Health: -14/62     AC:  8    Str: 20    XL:     7   Next: 63%
Magic:  6/6        EV: 10    Int:  5    God:
Gold:   215        SH: 10    Dex: 15    Spells: 0 memorised, 6 levels left

rFire  . . .     SeeInvis .     a - +0 war axe
rCold  . . .     Clarity  .     b - +0 scale mail
rNeg   . . .     SustAt   .     c - +0 shield
rPois  .         Gourm    .     (helmet restricted)
rElec  .         Spirit   .     l - +0 cloak
rCorr  .         Warding  .     (no gloves)
rMut   .         Stasis   .     (no boots)
MR     .....                    q - amulet of regeneration
Stlth  ..........               (no ring)
                                z - +3 ring of dexterity

@: not resistant to hostile enchantments, extremely unstealthy
A: retaliatory headbutt, horns 2
a: no special abilities


You were on level 6 of the Dungeon.
You were not hungry.

You visited 1 branch of the dungeon, and saw 6 of its levels.

You collected 215 gold pieces.

Inventory:

Hand weapons
 a - a +0 war axe (weapon)
 k - a +2 whip of electrocution
Missiles
 r - 8 tomahawks (quivered)
Armour
 b - a +0 scale mail (worn)
 c - a +0 shield (worn)
 l - a +0 cloak (worn)
Jewellery
 q - an amulet of regeneration (around neck)
 z - a +3 ring of dexterity (left hand)
Magical devices
 t - a wand of cold (11)
Scrolls
 g - 7 scrolls of identify {unknown}
 j - 2 scrolls of magic mapping {unknown}
 o - 2 scrolls of remove curse {unknown}
 v - 5 scrolls of teleportation {unknown}
 y - a scroll of fog {unknown}
Potions
 d - 2 potions of might
 i - 2 potions of lignification {unknown}
 m - a potion of poison {unknown}
 s - a potion of brilliance {unknown}
 u - a potion of haste {unknown}
 w - a potion of cure mutation {unknown}
 x - a potion of invisibility {unknown}
Books
 n - a book of Hinderance

   Spells                             Type                      Level
   a - Confusing Touch                Hexes                        2
   b - Confuse                        Hexes                        3
   c - Gell's Gravitas                Hexes/Translocation          3
   d - Petrify                        Transmutation/Earth          4
   e - Metabolic Englaciation         Hexes/Ice                    5
Comestibles
 e - 6 bread rations
 f - 2 meat rations
 h - a royal jelly


   Skills:
 + Level 5.8 Fighting
 + Level 5.1 Axes
 + Level 6.0 Armour
 + Level 4.0 Dodging
 + Level 5.6 Shields


You had 6 spell levels left.
You didn't know any spells.

Dungeon Overview and Level Annotations

Branches:
Dungeon (7/15)
 Temple: D:4-7

Altars:
Vehumet

Shops:
D:7 ?

Annotations:
D:4 Geomchi's ghost, experienced MfTm


Innate Abilities, Weirdness & Mutations

You reflexively headbutt those who attack you in melee.
You have a pair of horns on your head.


Message History

The orc warrior is moderately wounded.
You block the orc warrior's attack.
You hit the orc warrior but do no damage.
The orc warrior is moderately wounded.
The orc warrior closely misses you. You furiously retaliate!
You headbutt the orc warrior. You slash the orc warrior!
You headbutt the orc warrior.
The orc warrior is severely wounded.
The orc warrior hits you with a scimitar!
* * * LOW HITPOINT WARNING * * *
You closely miss the orc warrior.
The orc warrior is severely wounded.
The orc warrior barely misses you.
You slash the orc warrior!
The orc warrior is almost dead.
You block the orc warrior's attack.
You closely miss the orc warrior.
The orc warrior is almost dead.
The orc warrior hits you with a scimitar!!
You die...

## #.....###.# ##<
.###.......#.##...
.#
................#
#.#
##............#
....
###...###....##
#.$. ......#
##...# #..#
#####..# #...#
#..# #...##...#
##).#
#.......####@.#
#.........#.o.#...
..##.............#
. ##.......####..#
##......# ..#
##....## .. ##....
. #..... .......


You could see an orc warrior.

Vanquished Creatures
  A hippogriff (D:7)
  An ogre (D:4)
  A centaur (D:6)
  2 giant frogs (D:6)
  A scorpion (D:7)
  A crimson imp (D:6)
  A hound (D:6)
  A centaur skeleton (D:7)
  An orc wizard (D:4)
  A worker ant (D:3)
  Jessica (D:3)
  A worker ant zombie (D:7)
  3 gnolls (D:3)
  A shadow imp (D:7)
  7 adders
  An adder zombie (D:7)
  2 worms (D:3)
  3 giant geckos
  4 orcs
  9 goblins
  6 hobgoblins
  3 jackals
  A ball python (D:3)
  8 bats
  4 giant cockroaches
  A giant gecko skeleton (D:4)
  A giant newt (D:3)
  A jackal zombie (D:7)
  9 kobolds
  6 rats
83 creatures vanquished.

Notes
Turn   | Place    | Note
--------------------------------------------------------------
     0 | D:1      | Quirk the Minotaur Fighter began the quest for the Orb.
     0 | D:1      | Reached XP level 1. HP: 19/19 MP: 0/0
   332 | D:1      | Reached skill level 1 in Dodging
   373 | D:1      | Reached XP level 2. HP: 27/27 MP: 1/1
   646 | D:1      | Reached skill level 4 in Fighting
   832 | D:2      | Reached XP level 3. HP: 30/33 MP: 2/2
  1245 | D:2      | Found a radiant altar of Vehumet.
  1421 | D:3      | Noticed Jessica
  1442 | D:3      | Reached XP level 4. HP: 40/40 MP: 3/3
  1448 | D:3      | Killed Jessica
  1882 | D:3      | Reached XP level 5. HP: 32/47 MP: 4/4
  2346 | D:4      | Noticed an ogre
  2353 | D:4      | Killed an ogre
  2353 | D:4      | Reached skill level 5 in Armour
  2353 | D:4      | Reached XP level 6. HP: 25/55 MP: 5/5
  2374 | D:4      | Noticed Geomchi's ghost (experienced MfTm)
  2374 | D:4      | You fall through a shaft for 3 floors!
  2375 | D:7      | Noticed a hippogriff
  2389 | D:7      | Killed a hippogriff
  2389 | D:7      | Reached skill level 5 in Fighting
  2389 | D:7      | Reached skill level 5 in Shields
  2544 | D:7      | Found Lycwujej's Magic Scroll Shop.
  2561 | D:7      | Reached XP level 7. HP: 61/61 MP: 6/6
  2954 | D:6      | Reached skill level 5 in Axes
  2971 | D:6      | Reached skill level 6 in Armour
  2999 | D:6      | HP: 2/62 [orc warrior/scimitar (17)]
  3002 | D:6      | Demolished by an orc warrior

Vault maps used:
D:1:      dpeg_arrival_water_fire, corexii_leaking_fountain
D:2:      fiery_altar_vehumet
D:3:      uniq_jessica
D:4:      nicolae_overflow_quartered_altars, serial_shops, shop, first_bread,
          uniq_robin
D:6:      temple_hall_moat
D:7:      okawaru_metal_pillars_3, serial_aquarium, aquarium_bridge_long_joined,
          aquarium_bridge_straight, aquarium_window_fake, aquarium_window_2,
          aquarium_window_1, aquarium_window_fake, aquarium_view_2c,
          aquarium_view_2f, serial_shops, shop

Action                   |  1- 3 |  4- 6 |  7- 9 || total
-------------------------+-------+-------+-------++-------
Melee: War axe           |    91 |    91 |    52 ||   234
  Eat: Chunk             |     2 |     4 |     2 ||     8
